 Dungeon Crawl Stone Soup version 0.30.0 (webtiles) character file.

Game seed: 6839222604481416905

110 Dani the Chopper (level 4, 0/35 HPs)
             Began as a Demonspawn Fighter on May 20, 2023.
             Was an Initiate of Gozag.
             Slain by an orc wizard
             ... wielding a +0 dagger
              (1 damage)
             ... on level 5 of the Dungeon.
             The game lasted 00:02:41 (1442 turns).

Dani the Chopper (Demonspawn Fighter)               Turns: 1442, Time: 00:02:41

Health: 0/35       AC:  6    Str: 16    XL:     4   Next: 61%
Magic:  4/4        EV:  8    Int: 11    God:    Gozag
Gold:   164        SH:  4    Dex: 13    Spells: 3/3 levels left

rFire   . . .        b - +2 sling (freeze)
rCold   . . .        c - +0 buckler
rNeg    . . .        h - +0 scale mail
rPois   .            (helmet restricted)
rElec   .            (no cloak)
rCorr   .            (no gloves)
SInv    .            (no boots)
Will    .....        (no amulet) Stlth
                     (no ring)
HPRegen 0.25/turn    (no ring)
MPRegen 0.09/turn

%: no passive effects
@: brilliant
A: horns 2, powered by death 1
a: Renounce Religion, Potion Petition, Call Merchant, Bribe Branch


You were on level 5 of the Dungeon.
You worshipped Gozag.
Gozag was aware of your devotion.
You visited 1 branch of the dungeon, and saw 4 of its levels.

You collected 164 gold pieces.

Inventory:

Hand Weapons
 a - a +0 war axe
 b - a +2 sling of freezing (weapon)
   (You found it on level 4 of the Dungeon)
Missiles
 Z - a throwing net
Armour
 c - a +0 buckler (worn)
 h - a +0 scale mail (worn)
Potions
 d - a potion of might
 f - a potion of attraction {unknown}


   Skills:
 - Level 3.0 Fighting
 + Level 4.4 Axes
 - Level 2.6 Armour
 - Level 2.6 Shields


You had 3 spell levels left.
You didn't know any spells.
Your spell library was empty.

Dungeon Overview and Level Annotations

Branches:
Dungeon (5/15)             Temple (0/1) D:4

Altars:
Gozag


Innate Abilities, Weirdness & Mutations

You have a pair of horns on your head.
You regenerate a little health from kills.


Message History

Fire: b) +2 sling (freeze)
Press: ? - help, Q - select action, (/) - cycle Shift-Dir - straight line, f/p - hound
Aim: a hound (severely wounded, 46% to hit)
You shoot a sling bullet.
The sling bullet hits the hound but does no damage.
The hound is severely wounded.
The hound bites you but does no damage. The hound barely misses you. x2
Fire: b) +2 sling (freeze)
Press: ? - help, Q - select action, (/) - cycle Shift-Dir - straight line, f/p - hound
Aim: a hound (heavily wounded, 46% to hit)
You shoot a sling bullet. The sling bullet hits the hound!
The sling bullet freezes the hound.
You kill the hound!
You start resting.
HP restored.
You climb upwards.
The orc wizard mumbles some strange words.
The orc wizard flickers and vanishes!
Deactivating autopickup; reactivate with Ctrl-A.
There is a stone staircase leading down here.
Fire: b) +2 sling (freeze)
Press: ? - help, Q - select action, (/) - cycle Shift-Dir - straight line, f - orc
Aim: an orc, wielding a +0 short sword (57% to hit)
You shoot a sling bullet. The sling bullet hits the orc.
The sling bullet freezes the orc.
The orc is heavily wounded.
A magic dart appears from out of thin air!
The magic dart hits you. Something hits you but does no damage.
You climb downwards.
Reactivating autopickup.
Z - a throwing net
There is a stone staircase leading up here.
Something hits you but does no damage.
Deactivating autopickup; reactivate with Ctrl-A.
Fire: b) +2 sling (freeze)
Press: ? - help, Q - select action, (/) - cycle Shift-Dir - straight line, f - you Really target yourself?
Okay, then.
Something hits you. Something hits you but does no damage.
Things that are here:
7 gold pieces; a +0 whip You shoot a sling bullet.
You hear some strange, mumbled words.
Something tries to affect you, but you resist.
You shoot a sling bullet. Something hits you.
You hear some strange, mumbled words.
You are confused.
Something hits you.
You're too confused to move!
You hear some strange, mumbled words.
A magic dart appears from out of thin air!
The magic dart hits you.
* * * LOW HITPOINT WARNING * * *
You completely miss something. Your headbutt misses something.
Something hits you but does no damage.
You hear some strange, mumbled words.
Something tries to affect you, but you resist.
You barely miss something.
You feel less confused.
You hear some strange, mumbled words.
A magic dart appears from out of thin air!
The magic dart hits you. Something hits you.
* * * LOW HITPOINT WARNING * * *
You shoot a sling bullet. Something hits you but does no damage.
Something completely misses you.
You shoot a sling bullet.
A gnoll comes into view. It is wielding a +0 flail.
Something hits you but does no damage.
The gnoll moves out of view.
You shoot a sling bullet. Something hits you.
* * * LOW HITPOINT WARNING * * *
Something hits you but does no damage.
You shoot a sling bullet. Something hits you but does no damage.
You shoot a sling bullet. Something hits you but does no damage.
Something hits you.
* * * LOW HITPOINT WARNING * * *
You shoot a sling bullet. Something hits you but does no damage.
You block something's attack.
You shoot a sling bullet. Something hits you.
* * * LOW HITPOINT WARNING * * *
You shoot a sling bullet. You block something's attack. Something hits you.
* * * LOW HITPOINT WARNING * * *
You shoot a sling bullet. Something hits you.
* * * LOW HITPOINT WARNING * * *
Something hits you but does no damage.
You shoot a sling bullet. Something hits you.
* * * LOW HITPOINT WARNING * * *
You shoot a sling bullet.
You hear some strange, mumbled words.
A puff of flame appears from out of thin air!
The puff of flame hits you!
* * * LOW HITPOINT WARNING * * *
Something hits you.
* * * LOW HITPOINT WARNING * * *
It was a potion of brilliance.
You feel clever all of a sudden. Something hits you.
You die...
Your body crumbles into a pile of gold.

#.. # ..#
.# ..# .#
#.# ..#
#.####..#
#.#<....# $
#!.$$...# $
#@{.....#
+.......#
#.......#
#..........
#......#.##
#......#...
$
#..........
#####.#.#.
#.#.


There were no monsters in sight!

Vanquished Creatures
  2 hounds
  A gnoll (D:5)
  2 dart slugs (D:1)
  5 endoplasms
  A giant cockroach (D:1)
  2 goblins (D:1)
  4 hobgoblins (D:1)
  7 jackals (D:1)
  A quokka (D:1)
  3 bats (D:1)
  4 frilled lizards (D:1)
  A kobold (D:1)
  3 rats (D:1)
36 creatures vanquished.

Notes
Turn   | Place    | Note
-------+----------+-------------------------------------------
     0 | D:1      | Dani the Demonspawn Fighter began the quest for the Orb.
     0 | D:1      | Reached XP level 1. HP: 18/18 MP: 1/1
    77 | D:1      | Reached skill level 2 in Axes
   299 | D:1      | Gained mutation: You have a pair of small horns on your
                  | head. [demonic ancestry]
   299 | D:1      | Reached XP level 2. HP: 24/24 MP: 2/2
   408 | D:1      | Found a faded altar of an unknown god.
   435 | D:1      | Prayed at the altar of an unknown god.
   435 | D:1      | Became a worshipper of Gozag Ym Sagoz the Greedy
   465 | D:1      | Reached skill level 3 in Axes
   570 | D:1      | Gained mutation: You have a pair of horns on your head.
                  | [demonic ancestry]
   570 | D:1      | Reached XP level 3. HP: 24/29 MP: 3/3
  1109 | D:2      | You fall into a shaft and drop 2 floors!
  1201 | D:4      | Reached skill level 4 in Axes
  1201 | D:4      | Gained mutation: You regenerate a little health from kills.
                  | [demonic ancestry]
  1201 | D:4      | Reached XP level 4. HP: 20/35 MP: 4/4
  1315 | D:5      | Entered Level 5 of the Dungeon
  1441 | D:5      | HP: 3/35 [something/puff of flame (7)]
  1441 | D:5      | HP: 1/35 [something (2)]
  1442 | D:5      | Slain by an orc wizard

Illustrated notes

Levels and vault maps discovered:
D:1:      minmay_arrival_wavy_path, layout_loops_ring, basic_ecumenical_altar,
          wad_floor_pattern_2, nicolae_hexahallways
D:2:      layout_rooms, kennysheep_generic_room_10
D:4:      layout_loops_ring, lemuel_temple_firewalk_b,
          biasface_ghost_orc_armoury, uniq_natasha
D:5:      cheibrodos_thug_alley, layout_basic, mainiacjoe_overflow_catwalk,
          mainiacjoe_overflow_paths, nemelex_xobeh_ov_fountains_minmay,
          minivault_23, minivault_5, uniq_edmund

Skill      XL: |  1  2  3 |
---------------+----------+-----
Axes           | 2 3 4 |  4.4
Fighting       | |  3.0
Armour         | |  2.6
Shields        | |  2.6

Action                     |  1- 3 |  4- 6 || total
---------------------------+-------+-------++-------
  Melee: War axe           |    93 |     2 ||    95
         Headbutt          |     4 |       ||     4
         Sling             |       |     2 ||     2
   Fire: Sling             |       |    30 ||    30
    Use: Scroll            |     1 |     1 ||     2
         Potion            |       |     1 ||     1
 Armour: Scale mail        |    43 |    21 ||    64
  Dodge: Dodged            |    43 |    10 ||    53
  Block: Buckler           |    29 |     6 ||    35

Levels and vault maps discovered:
D:1:      minmay_arrival_wavy_path, layout_loops_ring, basic_ecumenical_altar,
          wad_floor_pattern_2, nicolae_hexahallways
D:2:      layout_rooms, kennysheep_generic_room_10
D:4:      layout_loops_ring, lemuel_temple_firewalk_b,
          biasface_ghost_orc_armoury, uniq_natasha
D:5:      cheibrodos_thug_alley, layout_basic, mainiacjoe_overflow_catwalk,
          mainiacjoe_overflow_paths, nemelex_xobeh_ov_fountains_minmay,
          minivault_23, minivault_5, uniq_edmund

Table legend: (Time is in decaauts)
 A = Elapsed time spent in this place.
 B = Non-inter-level travel time spent in this place.
 C = Inter-level travel time spent in this place.
 D = Time resting spent in this place.
 E = Time spent auto-exploring this place.
 F = Levels seen in this place.
 G = Mean time per level.
                   A        B        C        D        E       F      G
               +--------+--------+--------+--------+--------+-----+--------+
         Total |   1500 |   1434 |     66 |     85 |   1032 |   4 |  375.0 |
       Dungeon |   1500 |   1434 |     66 |     85 |   1032 |   4 |  375.0 |
               +--------+--------+--------+--------+--------+-----+--------+

Top non-repeatable levels by time:
     D:1: 1142 daAuts
     D:4: 214 daAuts
     D:5: 143 daAuts

Table legend:
 A = Kills in this place as a percentage of kills in the entire game.
 B = Kills by you in this place as a percentage of kills by you in the entire game.
 C = Kills by friends in this place as a percentage of kills by friends in the entire game.
 D = Other kills in this place as a percentage of other kills in the entire game.
 E = Experience gained in this place as a percentage of experience gained in the entire game.
 F = Experience gained in this place divided by the number of levels of this place that you have seen.
                   A       B       C       D       E      F
               +-------+-------+-------+-------+-------+----------------------
         Total | 100.0 | 100.0 |   N/A |   N/A | 100.0 |  39.5
       Dungeon | 100.0 | 100.0 |   N/A |   N/A | 100.0 |  39.5
               +-------+-------+-------+-------+-------+----------------------
